 Dungeon Crawl Stone Soup version 0.23.1-44-gbd83930989 (webtiles) character file.

Game seed: 11880262467827102817

51240 Marnok the Slicer (level 14, -8/106 HPs)
             Began as a Demonspawn Gladiator on Mar 31, 2019.
             Was a Priest of Qazlal.
             Killed by divine providence
             ... invoked by an orc high priest
              (12 damage)
             ... on level 2 of the Orcish Mines.
             The game lasted 01:26:21 (19187 turns).

Marnok the Slicer (Demonspawn Gladiator)           Turns: 19187, Time: 01:26:21

Health: -8/106     AC: 24    Str: 18      XL:     14   Next: 22%
Magic:  14/14      EV: 12    Int:  9 (10) God:    Qazlal [***...]
Gold:   537        SH: 30    Dex: 16      Spells: 13/13 levels left

rFire    . . .     SeeInvis .   o - +5 rapier (flame)
rCold    + + .     Gourm    .   g - +8 large shield {reflect}
rNeg     . . .     Faith    .   k - +6 scale mail of the Desert {rPois Slay+3}
rPois    +         Spirit   .   (helmet unavailable)
rElec    .         Reflect  +   w - +2 cloak
rCorr    .         Harm     .   p - +2 pair of gloves
MR       +....                  I - +2 pair of boots {Stlth+}
Stlth    ++........             (no amulet)
HPRegen  0.27/turn              n - ring of protection from cold
MPRegen  0.14/turn              r - ring of wizardry

@: no status effects
A: horns 3, cold resistance 1, rot immunity, freezing cloud immunity
a: Upheaval, Elemental Force, Renounce Religion


You were on level 2 of the Orcish Mines.
You worshipped Qazlal.
Qazlal was most pleased with you.
You were hungry.

You visited 3 branches of the dungeon, and saw 18 of its levels.

You collected 1902 gold pieces.
You spent 1365 gold pieces at shops.

Inventory:

Hand Weapons
 d - a +1 scimitar of slicing
 o - a +5 rapier of flaming (weapon)
 q - a +3 quarterstaff of chaos
 D - a +2 antimagic hand axe
 R - a +2 quarterstaff of crushing
Missiles
 y - 5 tomahawks of returning (quivered)
 z - 4 silver tomahawks
Armour
 g - a +8 large shield of reflection (worn)
 k - the +6 scale mail of the Desert (worn) {rPois Slay+3}
   (You found it on level 6 of the Dungeon)

   It affects your accuracy and damage with ranged weapons and melee attacks
   (+3).
   It protects you from poison.
 p - a +2 pair of gloves (worn)
 s - a +1 troll leather armour {Snorg}
 t - the +2 ring mail "Lyliwaor" {+Fly MR+ Stlth+}
   (You found it on level 14 of the Dungeon)

   It affects your resistance to hostile enchantments.
   It lets you fly.
   It makes you more stealthy.
 w - a +2 cloak (worn)
 I - a +2 pair of boots of stealth (worn)
Magical Staves
 K - an uncursed staff of conjuration
 O - an uncursed staff of energy
Jewellery
 b - an uncursed ring of resist corrosion
 j - an uncursed amulet of magic regeneration
 n - a ring of protection from cold (left hand)
 r - a ring of wizardry (right hand)
Wands
 a - a wand of enslavement (6)
 m - a wand of paralysis (15)
 u - a wand of random effects (37)
 F - a wand of iceblast (10)
 S - a wand of polymorph (8)
Scrolls
 c - 2 scrolls of amnesia
 e - 11 scrolls of remove curse
 x - a scroll of fear
 E - 3 scrolls of identify
 Q - a scroll of fog
Potions
 h - a potion of flight
 B - a potion of haste
 H - a potion of ambrosia
 M - a potion of agility
Miscellaneous
 N - a box of beasts
 V - a phial of floods
Comestibles
 f - 15 rations
 i - 3 chunks of flesh


   Skills:
 + Level 8.8 Fighting
 + Level 12.0 Short Blades
 + Level 7.4 Staves
 + Level 2.3 Throwing
 + Level 8.2 Armour
 + Level 8.3 Dodging
 + Level 3.4 Stealth
 + Level 11.9 Shields
 + Level 0.7 Evocations


You had 13 spell levels left.
You didn't know any spells.
Your spell library contained the following spells:

 Spells                   Type           Power        Failure   Level  Hunger
 Animate Skeleton         Necr           N/A          91%         1    ##.....
 Pain                     Necr           #...         91%         1    ##.....
 Summon Small Mammal      Summ           #...         91%         1    ##.....
 Call Imp                 Summ           #.......     97%         2    ###....
 Corpse Rot               Necr           N/A          97%         2    ###....
 Poisonous Vapours        Pois/Air       #.....       97%         2    ###....
 Sublimation of Blood     Necr           #.........   97%         2    ###....
 Call Canine Familiar     Summ           #.......     99%         3    ####...
 Conjure Flame            Conj/Fire      #.......     99%         3    ####...
 Mephitic Cloud           Conj/Pois/Air  #.......     99%         3    ####...
 Regeneration             Chrm/Necr      #.........   99%         3    ####...
 Summon Guardian Golem    Hex/Summ       #.......     99%         3    ####...
 Vampiric Draining        Necr           #.........   99%         3    ####...
 Animate Dead             Necr           N/A          100%        4    #####..
 Summon Ice Beast         Ice/Summ       #.......     100%        4    #####..
 Summon Lightning Spire   Summ/Air       #.......     100%        4    #####..
 Agony                    Necr           #.......     100%        5    ######.
 Bolt of Draining         Conj/Necr      #.........   100%        5    ######.
 Dispel Undead            Necr           #.......     100%        5    ######.
 Excruciating Wounds      Chrm/Necr      #.........   100%        5    ######.
 Freezing Cloud           Conj/Ice/Air   #.........   100%        6    #######
 Ring of Flames           Chrm/Fire      #.........   100%        7    #######


Dungeon Overview and Level Annotations

Branches:
Dungeon (15/15)            Temple (1/1) D:5            Lair (0/6) D:8
    Orc (2/2) D:11            Elf (0/3) Orc:2        Vaults (0/5) D:13
 Depths (0/5) D:15

Altars:
Ashenzari
Cheibriados
Dithmenos
Elyvilon
Fedhas
Gozag
Hepliaklqana
Kikubaaqudgha
Nemelex Xobeh
Okawaru
Qazlal
Ru
Sif Muna
Trog
Uskayaw
Vehumet
Wu Jian
Xom
Yredelemnul
Zin
The Shining One
Beogh

Shops:
D:10 ?*   D:12 *   Orc:1 !   Orc:2 ?}

Annotations:
D:4 2 transporters, strelocc's ghost, amateur DDFi
D:9 2 transporters, tjackatt's ghost, novice TrMo


Innate Abilities, Weirdness & Mutations

You have a pair of large horns on your head.
Your flesh is cold resistant. (rC+)
You are immune to rotting.
You are immune to freezing clouds.


Message History

The neqoxec gestures.
You block the sixfirhy's attack. You block the sixfirhy's attack. x3
The orc high priest starts to sing a prayer.
You block the sixfirhy's attack. x3
The sixfirhy hits you but does no damage.
The neqoxec gestures at you.
Something tries to feed on your intellect!
The crimson imp blinks!
You block the sixfirhy's attack. The sixfirhy hits you.
* * * LOW HITPOINT WARNING * * *
The sixfirhy shocks you!
* * * LOW HITPOINT WARNING * * *
The sixfirhy misses you.
Unknown command.
The neqoxec gestures.
You block the sixfirhy's attack.
The orc high priest invokes the aid of Beogh against you.
Beogh smites you!
You die...

...)[[...................##
5.........................#
....§....................##
.......................#.##
..........................#
....................#.....#
...........#........#....##
........3..##..○..........#
..........o.3..3@☼.#..#...#
..........5.o5.o.<.......##
..............#.#.......##
............##.....##.###
##.#..#..#.####.#.#####
########### #####


You could see an orc high priest, a sixfirhy, a neqoxec, an orc warrior, 2 white
imps and an orc.

Vanquished Creatures
  An ettin (Orc:1)
  Snorg (D:12)
  2 fire dragons (D:15)
  An ice dragon (D:14)
  Harold (D:8)
  A hydra (D:13)
  2 centaur warriors (D:15)
  A two-headed ogre (D:15)
  A death knight (D:11)
  Nergalle (D:10)
  4 unseen horrors
  A wizard (D:15)
  13 ugly things
  A wolf spider zombie (D:14)
  An orc knight (Orc:2)
  2 wolf spiders
  6 cyclopes
  2 deep elf magi
  4 orc sorcerers
  3 manticores
  Psyche (D:8)
  3 gargoyles
  A rime drake (D:14)
  4 kobold demonologists
  2 yaktaurs (D:13)
  A polar bear (D:14)
  7 trolls
  A meliai (D:11)
  A tengu conjurer (D:11)
  4 slime creatures (D:14)
  4 hippogriffs
  3 shadows
  3 wyverns
  A spriggan (D:10)
  20 yaks
  2 basilisks
  5 hungry ghosts
  4 vampire mosquitoes
  3 wargs (Orc:1)
  2 acid dragons
  A water moccasin (D:11)
  An acid dragon (shapeshifter) (D:13)
  4 sky beasts
  A black bear (D:12)
  4 ice beasts
  A hornet zombie (D:11)
  33 orc warriors
  17 ogres
  A necrophage (D:7)
  4 phantoms
  A wolf (D:14)
  5 boggarts (D:14)
  7 centaurs
  4 crocodiles
  5 big kobolds (D:15)
  2 gnoll sergeants
  12 bullfrogs
  A wyvern skeleton (D:12)
  4 scorpions
  14 killer bees
  4 wights
  5 howler monkeys
  A bullfrog zombie (D:11)
  6 crimson imps
  5 jellies
  6 hounds
  21 orc priests
  34 orc wizards
  Crazy Yiuf (D:6)
  2 bullfrog skeletons
  3 centaur skeletons
  3 centaur zombies
  An iguana (D:9)
  5 worker ants
  2 killer bee zombies
  A hound zombie (D:10)
  A hound skeleton (D:11)
  A worker ant zombie (D:11)
  8 adders
  11 gnolls
  3 shadow imps
  An ooze (D:6)
  An adder zombie (D:9)
  A dart slug (D:2)
  8 leopard geckos
  104 orcs
  4 bats
  3 giant cockroaches
  2 goblins
  5 hobgoblins
  7 jackals
  7 quokkas
  A ball python (D:2)
  A frilled lizard (D:2)
  8 kobolds
  A rat (D:2)
521 creatures vanquished.

Vanquished Creatures (others)
  A yaktaur captain (D:13)
  A centaur warrior (D:15)
  A cyclops (D:13)
  An orc warrior (Orc:2)
  A centaur (D:14)
  An orc priest (Orc:2)
  A bush (D:5)
7 creatures vanquished.

Grand Total: 528 creatures vanquished

Notes
Turn   | Place    | Note
-------+----------+-------------------------------------------
     0 | D:1      | Marnok the Demonspawn Gladiator began the quest for the
                  | Orb.
     0 | D:1      | Reached XP level 1. HP: 16/16 MP: 1/1
   407 | D:1      | Gained mutation: Your flesh is cold resistant. (rC+)
                  | [demonic ancestry]
   407 | D:1      | Reached XP level 2. HP: 21/22 MP: 2/2
   855 | D:2      | Gained mutation: You have a pair of small horns on your
                  | head. [demonic ancestry]
   855 | D:2      | Reached XP level 3. HP: 27/27 MP: 3/3
  1158 | D:3      | Reached XP level 4. HP: 31/33 MP: 4/4
  1201 | D:4      | Noticed an ogre
  1209 | D:4      | Killed an ogre
  1209 | D:4      | Reached skill level 1 in Armour
  1209 | D:4      | Gained mutation: You have a pair of horns on your head.
                  | [demonic ancestry]
  1209 | D:4      | Reached XP level 5. HP: 25/39 MP: 5/5
  1534 | D:4      | Noticed a phantom
  1564 | D:4      | Killed a phantom
  1564 | D:4      | Gained mutation: You are immune to freezing clouds.
                  | [demonic ancestry]
  1564 | D:4      | Reached XP level 6. HP: 36/46 MP: 6/6
  1652 | D:4      | Found a transporter.
  1653 | D:4      | Noticed strelocc's ghost (amateur DDFi)
  1655 | D:4      | Identified the +5 dire flail of Dissent {venom, MR+ Str+5}
  1752 | D:4      | Found a transporter.
  2449 | D:5      | Entered Level 5 of the Dungeon
  2451 | D:5      | Noticed a sky beast
  2467 | D:5      | Killed a sky beast
  2467 | D:5      | Reached skill level 5 in Staves
  2472 | D:5      | Reached XP level 7. HP: 25/51 MP: 7/7
  2664 | D:6      | Got a brightly glowing scale mail
  2675 | D:6      | Identified the +6 scale mail of the Desert {rPois Slay+3}
                  | (You found it on level 6 of the Dungeon)
  2706 | D:6      | Reached skill level 1 in Stealth
  3038 | D:5      | Found a staircase to the Ecumenical Temple.
  3183 | D:5      | Reached XP level 8. HP: 53/58 MP: 8/8
  4593 | D:6      | Reached skill level 5 in Dodging
  4793 | D:6      | Reached skill level 1 in Short Blades
  4833 | D:7      | Reached skill level 1 in Shields
  5075 | D:6      | Found a runed translucent door.
  5076 | D:6      | Noticed Crazy Yiuf
  5085 | D:6      | Killed Crazy Yiuf
  5439 | D:7      | Noticed a hippogriff
  5450 | D:7      | Killed a hippogriff
  5450 | D:7      | Reached skill level 2 in Short Blades
  5450 | D:7      | Gained mutation: You are immune to rotting. [demonic
                  | ancestry]
  5450 | D:7      | Reached XP level 9. HP: 59/65 MP: 9/9
  5524 | D:7      | Reached skill level 3 in Short Blades
  6201 | D:8      | Reached skill level 4 in Short Blades
  6761 | D:8      | Noticed Harold
  6788 | D:8      | Killed Harold
  6788 | D:8      | Reached skill level 5 in Short Blades
  6788 | D:8      | Reached XP level 10. HP: 55/73 MP: 10/10
  6789 | D:8      | Noticed Psyche
  6860 | D:8      | Killed Psyche
  6860 | D:8      | Reached skill level 5 in Shields
  7064 | D:8      | Found a staircase to the Lair.
  7276 | D:9      | Reached skill level 5 in Armour
  7286 | D:9      | Found a transporter.
  7286 | D:9      | Noticed tjackatt's ghost (novice TrMo)
  7403 | D:9      | Reached skill level 6 in Short Blades
  7584 | D:9      | Found a transporter.
  7866 | D:9      | Noticed a cyclops
  7878 | D:9      | Killed a cyclops
  7983 | D:10     | Entered Level 10 of the Dungeon
  8018 | D:10     | Reached skill level 5 in Fighting
  8026 | D:10     | Reached skill level 7 in Short Blades
  8321 | D:10     | Noticed Nergalle
  8334 | D:10     | Noticed a spectral orc warlord
  8337 | D:10     | Killed Nergalle
  8781 | D:10     | Gained mutation: You have a pair of large horns on your
                  | head. [demonic ancestry]
  8781 | D:10     | Reached XP level 11. HP: 65/80 MP: 11/11
  8911 | D:10     | Killed an unseen horror
  8931 | D:10     | Found Zuigal's Magic Scroll Emporium.
  8934 | D:10     | Bought a scroll of enchant weapon for 97 gold pieces
  8934 | D:10     | Bought a scroll of teleportation for 39 gold pieces
  8934 | D:10     | Bought a scroll of enchant armour for 97 gold pieces
  8934 | D:10     | Bought a scroll of enchant weapon for 97 gold pieces
  9052 | D:10     | Found Canid's Assorted Antiques.
  9055 | D:10     | Bought a potion of curing for 81 gold pieces
  9055 | D:10     | Bought a scroll of identify for 54 gold pieces
  9322 | D:11     | Reached skill level 8 in Short Blades
  9357 | D:11     | Killed an unseen horror
  9361 | D:11     | Noticed a death knight
  9362 | D:11     | Noticed a wolf spider
  9376 | D:11     | Killed a death knight
  9384 | D:11     | Killed a wolf spider
  9558 | D:11     | Got a smoking plate armour
  9571 | D:11     | Identified the cursed +1 plate armour of Autumn {rElec
                  | MR++} (You found it on level 11 of the Dungeon)
  9633 | D:11     | Killed an unseen horror
 10036 | D:11     | You fall through a shaft!
 10036 | D:12     | Noticed Snorg
 10051 | D:12     | Killed Snorg
 10280 | D:12     | Reached skill level 9 in Short Blades
 10583 | D:11     | Reached XP level 12. HP: 82/91 MP: 12/12
 10634 | D:11     | Found a staircase to the Orcish Mines.
 11281 | D:12     | Found Boabelaj's Assorted Antiques.
 11307 | D:12     | Bought a scroll of identify for 54 gold pieces
 11917 | D:13     | Found an opulent altar of Gozag.
 11997 | D:13     | Noticed a yaktaur captain
 12030 | D:13     | Killed a yaktaur captain
 12050 | D:13     | Found a gate to the Vaults.
 12435 | D:13     | Noticed a six-headed hydra
 12436 | D:13     | Reached skill level 10 in Short Blades
 12440 | D:13     | Killed a six-headed hydra
 13113 | D:14     | Noticed an ice dragon
 13138 | D:14     | Killed an ice dragon
 13138 | D:14     | Reached XP level 13. HP: 75/98 MP: 13/13
 13143 | D:14     | Reached skill level 10 in Shields
 13663 | D:14     | Got a brightly glowing ring mail
 13664 | D:14     | Identified the +2 ring mail "Lyliwaor" {+Fly MR+ Stlth+}
                  | (You found it on level 14 of the Dungeon)
 13931 | D:14     | Reached skill level 11 in Short Blades
 14399 | D:15     | Entered Level 15 of the Dungeon
 14880 | D:15     | Noticed a fire dragon
 14881 | D:15     | Noticed a fire dragon
 15748 | D:15     | Killed a fire dragon
 16111 | D:15     | Killed a fire dragon
 16392 | D:15     | Found a staircase to the Depths.
 16658 | Temple   | Entered the Ecumenical Temple
 16832 | Temple   | Became a worshipper of Qazlal Stormbringer
 16968 | D:10     | Bought 3 scrolls of fear for 136 gold pieces
 17016 | Orc:1    | Entered Level 1 of the Orcish Mines
 17030 | Orc:1    | Noticed an ettin
 17040 | Orc:1    | Killed an ettin
 17067 | Orc:1    | Reached XP level 14. HP: 49/106 MP: 14/14
 17513 | Orc:1    | Found Edwor's Distillery.
 17521 | Orc:1    | Bought a potion of heal wounds for 60 gold pieces
 17521 | Orc:1    | Bought a potion of curing for 36 gold pieces
 17521 | Orc:1    | Bought a potion of heal wounds for 60 gold pieces
 17521 | Orc:1    | Bought a potion of heal wounds for 60 gold pieces
 17521 | Orc:1    | Bought 2 potions of heal wounds for 120 gold pieces
 17776 | Orc:2    | Entered Level 2 of the Orcish Mines
 17788 | Orc:2    | Reached * piety under Qazlal
 17890 | Orc:2    | Found a roughly hewn altar of Beogh.
 17920 | Orc:2    | Reached ** piety under Qazlal
 18011 | Orc:2    | Found a staircase to the Elven Halls.
 18191 | Orc:2    | Found a roughly hewn altar of Beogh.
 18203 | Orc:2    | Found Soizut's Gadget Emporium.
 18420 | Orc:2    | Found a roughly hewn altar of Beogh.
 18462 | Orc:2    | Found a roughly hewn altar of Beogh.
 18507 | Orc:2    | Found a roughly hewn altar of Beogh.
 18622 | Orc:2    | Found Ifiybrevuh's Magic Scroll Shoppe.
 18627 | Orc:2    | Bought a scroll of identify for 30 gold pieces
 18627 | Orc:2    | Bought a scroll of enchant armour for 112 gold pieces
 18627 | Orc:2    | Bought a scroll of enchant armour for 112 gold pieces
 18627 | Orc:2    | Bought a scroll of identify for 30 gold pieces
 18627 | Orc:2    | Bought 3 scrolls of identify for 90 gold pieces
 18753 | Orc:2    | Paralysed by an orc sorcerer for 6 turns
 18757 | Orc:2    | Noticed an orc warlord
 18920 | Orc:2    | Reached skill level 12 in Short Blades
 18986 | Orc:1    | Reached *** piety under Qazlal
 19184 | Orc:2    | HP: 3/106 [sixfirhy[an orc high priest] (11)]
 19187 | Orc:2    | Killed from afar by an orc high priest

Skill      XL: |  1  2  3  4  5  6  7  8  9 10 11 12 13 14 |
---------------+-------------------------------------------+-----
Staves         | 3 4 5 6 7 |  7.4
Dodging        | 3 4 5 6 7 8 |  8.3
Armour         | 1 2 3 4 5 6 7 8 |  8.2
Fighting       | 3 4 5 7 8 |  8.8
Stealth        | 1 2 3 |  3.4
Short Blades   | 2 5 7 9 10 11 12 | 12.0
Throwing       | 2 |  2.3
Shields        | 2 4 6 8 9 11 | 11.9
Evocations     | |  0.7

Action                   |  1- 3 |  4- 6 |  7- 9 | 10-12 | 13-15 || total
-------------------------+-------+-------+-------+-------+-------++-------
Melee: Quarterstaff      |    70 |    69 |   124 |       |       ||   263
       Headbutt          |     3 |    13 |    86 |   184 |   146 ||   432
       Rapier            |       |       |   278 |   788 |   728 ||  1794
Throw: Throwing net      |       |       |     3 |     1 |     1 ||     5
       Tomahawk          |       |       |       |     4 |       ||     4
Evoke: Wand              |       |       |       |       |     2 ||     2
       Box of beasts     |       |       |       |       |     2 ||     2
       Phantom mirror    |       |       |       |       |     1 ||     1
  Use: Scroll            |     1 |     6 |     4 |    28 |    12 ||    51
       Potion            |       |     3 |     4 |    13 |     8 ||    28
 Stab: Invisible         |       |       |       |     2 |       ||     2
       Sleeping          |       |       |       |       |     2 ||     2
  Eat: Chunk             |     1 |     3 |     7 |    16 |    15 ||    42
       Ration            |       |       |     2 |     2 |     2 ||     6
Armor: Leather armour    |    30 |     5 |     1 |       |       ||    36
       Scale mail        |       |       |   172 |   212 |   112 ||   496
       Skin              |       |       |    54 |       |       ||    54
Dodge: Dodged            |    55 |    55 |   148 |   113 |   128 ||   499
Block: Large shield      |       |       |   220 |   600 |   770 ||  1590
       Reflection        |       |       |     3 |    25 |    43 ||    71
